 Dungeon Crawl Stone Soup version 0.29.1-15-g9cfb28693d (webtiles) character file.

Game seed: 1796861880633803295

51552 croobank the Brawler (level 14, -9/153 HPs)
             Began as a Troll Fighter on Apr 21, 2023.
             Was an Elder of Wu Jian.
             Mangled by Snorg (12 damage)
             ... on level 1 of the Orcish Mines on Apr 22, 2023.
             The game lasted 01:55:43 (18217 turns).

croobank the Brawler (Troll Fighter)               Turns: 18217, Time: 01:55:43

Health: -9/153     AC: 15    Str: 27    XL:     14   Next: 23%
Magic:  13/13      EV: 13    Int:  8    God:    Wu Jian [****..]
Gold:   2140       SH:  0    Dex:  9    Spells: 13/13 levels left

rFire   . . .      SeeInvis .     - Unarmed
rCold   + . .      Faith    .   b - +1 kite shield
rNeg    . . .      Spirit   .   L - +4 troll leather armour
rPois   .          Reflect  .   g - +2 hat
rElec   .          Harm     .   C - +2 cloak {Will+}
rCorr   .          Rampage  .   (gloves unavailable)
Will    ++...                   (boots unavailable)
Stlth   ..........              S - amulet of regeneration
HPRegen 2.75/turn               N - ring of protection from cold
MPRegen 0.13/turn               z - +4 ring of evasion

@: confused, ambrosia-drunk
A: large, unfitting armour, claws 3, regeneration 1, shaggy fur 1, tough skin 1
a: Renounce Religion, Wall Jump, Serpent's Lash


You were on level 1 of the Orcish Mines.
You worshipped Wu Jian.
Wu Jian was greatly pleased with you.
You visited 4 branches of the dungeon, and saw 18 of its levels.
You also visited: Sewer, Ossuary, Bailey and Gauntlet.

You collected 2228 gold pieces.
You spent 88 gold pieces at shops.

Inventory:

Hand Weapons
 n - a +1 war axe of flaming
 y - the +5 lochaber axe {reach-cleave, poleaxe}
   (You found it in a Gauntlet)

   It can be evoked to extend its reach, and strikes at all foes within reach,
   dealing less damage to those not targeted.
   It uses either Axes or Polearms skill, whichever is higher.
 V - a +2 long sword of holy wrath
Missiles
 k - 2 throwing nets
 J - 4 curare-tipped darts (quivered)
 Q - 9 silver javelins
 R - 6 atropa-tipped darts
Armour
 b - a +1 kite shield (worn)
 g - a +2 hat (worn)
 C - a +2 cloak of willpower (worn)
 L - a +4 troll leather armour (worn)
 T - +0 acid dragon scales
Magical Staves
 U - a staff of air
Jewellery
 t - a +6 ring of dexterity
 z - a +4 ring of evasion (right claw)
 E - a +6 ring of intelligence
 G - a +6 ring of intelligence
 H - a ring of positive energy
 M - a ring of see invisible
 N - a ring of protection from cold (left claw)
 P - a ring of protection from cold
 S - an amulet of regeneration (around neck)
 W - an amulet of magic regeneration
Wands
 j - a wand of iceblast (25)
 s - a wand of mindburst (39)
 v - a wand of light (10)
 I - a wand of charming (17)
 X - a wand of flame (9)
Scrolls
 a - 6 scrolls of identify
 c - 2 scrolls of magic mapping
 e - 2 scrolls of blinking
 o - a scroll of fog
 r - 7 scrolls of vulnerability
 w - a scroll of fear
 A - 7 scrolls of poison
 F - 4 scrolls of teleportation
 K - 3 scrolls of immolation
 Y - 2 scrolls of enchant weapon
Potions
 d - 10 potions of lignification
 f - 9 potions of flight
 h - 4 potions of resistance
 l - 2 potions of attraction
 m - 11 potions of curing
 p - 3 potions of cancellation
 q - 2 potions of magic
 u - 5 potions of ambrosia
 x - 3 potions of invisibility
 D - 2 potions of mutation
Miscellaneous
 B - a condenser vane (inert)
 O - a phial of floods
 Z - a lightning rod (4/4)


   Skills:
 - Level 13.3 Fighting
 - Level 2.6 Dodging
 + Level 11.1 Shields
 * Level 16.3 Unarmed Combat


You had 13 spell levels left.
You didn't know any spells.
Your spell library contained the following spells:

 Spells                   Type           Power      Damage    Failure   Level
 Apportation              Tloc           0%         N/A       65%         1
 Necrotise                Necr           0%         1d4       65%         1
 Summon Small Mammal      Summ           0%         N/A       65%         1
 Ensorcelled Hibernation  Hex/Ice        0%         N/A       80%         2
 Passwall                 Tmut/Erth      0%         N/A       80%         2
 Poisonous Vapours        Pois/Air       0%         N/A       80%         2
 Scorch                   Fire           0%         2d5       80%         2
 Confusing Touch          Hex            0%         N/A       95%         3
 Conjure Flame            Conj/Fire      0%         6-21      95%         3
 Gell's Gravitas          Tloc           0%         N/A       95%         3
 Lesser Beckoning         Tloc           0%         N/A       95%         3
 Summon Guardian Golem    Hex/Summ       0%         N/A       95%         3
 Swiftness                Air            0%         N/A       95%         3
 Teleport Other           Tloc           0%         N/A       95%         3
 Anguish                  Hex/Necr       0%         N/A       100%        4
 Corpse Rot               Necr/Pois/Air  0%         N/A       100%        4
 Flame Wave               Conj/Fire      0%         2d4       100%        4
 Hailstorm                Conj/Ice       0%         3d3       100%        4
 Ice Form                 Ice/Tmut       0%         N/A       100%        4
 Passage of Golubria      Tloc           0%         N/A       100%        4
 Summon Lightning Spire   Summ/Air       0%         N/A       100%        4
 Freezing Cloud           Conj/Ice/Air   0%         6-21      100%        5
 Silence                  Hex/Air        0%         N/A       100%        5
 Yara's Violent Unravell  Hex/Tmut       0%         3d3       100%        5
 Starburst                Conj/Fire      0%         6d3       100%        6
 Summon Cactus Giant      Summ           0%         N/A       100%        6
 Enfeeble                 Hex            0%         N/A       100%        7
 Orb of Destruction       Conj           0%         9d5       100%        7
 Spellforged Servitor     Conj/Summ      0%         N/A       100%        7
 Storm Form               Tmut/Air       0%         N/A       100%        7
 Maxwell's Capacitive Co  Air            0%         ∞         100%        8


Dungeon Overview and Level Annotations

Branches:
Dungeon (11/15)            Temple (1/1) D:5            Lair (5/5) D:9
  Swamp (0/4) Lair:2        Snake (0/4) Lair:3        Slime (0/5) Lair:4
    Orc (1/2) D:9           Sewer (visited)         Ossuary (visited)
 Bailey (visited)         Gauntlet (visited)

Altars:
Ashenzari
Cheibriados
Dithmenos
Elyvilon
Fedhas
Gozag
Hepliaklqana
Kikubaaqudgha
Makhleb
Nemelex Xobeh
Okawaru
Qazlal
Ru
Sif Muna
Trog
Uskayaw
Vehumet
Wu Jian
Xom
Yredelemnul
Zin
The Shining One
Jiyva

Shops:
D:2 !

Annotations:
Lair:3 2 transporters, javelincjr's ghost, journeyman DECj
Lair:4 exclusion: 4 oklob plants
Orc:1 Snorg


Innate Abilities, Weirdness & Mutations

You are too large for most types of armour.
You have claws for hands.
Your natural rate of healing is unusually fast.
You are covered in fur. (AC +1)
You have tough skin. (AC +1)


Message History

You closely miss Snorg.
Snorg is almost dead.
Snorg closely misses you. Snorg misses you. Snorg claws you.
Snorg barely misses you. x2; Snorg claws you.
You closely miss Snorg.
Snorg is severely wounded.
The orc warrior barely misses you. Something hits you but does no damage.
You block Snorg's attack. x2; Snorg claws you!!
You mangle Snorg!!
Snorg is almost dead.
Snorg bites you! Snorg claws you.
* * * LOW HITPOINT WARNING * * *
Snorg claws you but does no damage.
The orc warrior hits you with a +0 war axe.
* * * LOW HITPOINT WARNING * * *
Something hits you but does no damage.
You feel better. Snorg bites you. You block Snorg's attack.
Snorg barely misses you. You block the orc warrior's attack.
Something hits you but does no damage. Snorg bites you!
* * * LOW HITPOINT WARNING * * *
Snorg claws you but does no damage. Snorg claws you!
* * * LOW HITPOINT WARNING * * *
You feel much better. You block Snorg's attack. Snorg claws you!
* * * LOW HITPOINT WARNING * * *
Snorg misses you. The orc warrior misses you. You block something's attack.
You scratch Snorg.
Snorg is almost dead.
Snorg barely misses you. You block Snorg's attack. x2
The orc warrior closely misses you. Something hits you but does no damage.
You are confused.
You feel invigorated. Snorg bites you.
* * * LOW HITPOINT WARNING * * *
Snorg claws you but does no damage. Snorg claws you!
* * * LOW HITPOINT WARNING * * *
The orc warrior closely misses you. Something hits you.
* * * LOW HITPOINT WARNING * * *
Snorg bites you!!
* * * LOW HITPOINT WARNING * * *
Snorg claws you!
You die...

...... .....# ....# #...##
##....# ### # ##.#...# ##.#
#.# #....)o# #...
....#....T@# ##..
......)##.## ### ######...
#........###.####.#.#....
#..........#...##.........
.................##.#.....#
.#.............########...#
#..........>..####.(###.##
.............####..(.##..##
...........#.# #.)#..###..#


You could see Snorg (berserk) and an orc warrior.

Vanquished Creatures
  An orc warlord (Orc:1)
  A quicksilver ooze (Lair:4)
  A minotaur (Gauntlet)
  A fire dragon (Lair:5)
  3 hydras
  A catoblepas (Lair:1)
  2 two-headed ogres
  4 death yaks
  A swamp dragon (Lair:5)
  2 lindwurms
  Pikel (D:6)
  A wolf spider (Lair:5)
  An orc sorcerer (Orc:1)
  2 orc knights
  8 elephants (Lair:4)
  An oklob plant (Orc:1)
  Joseph (D:8)
  6 black mambas (Lair:5)
  A guardian serpent (Lair:5)
  An ice statue (Gauntlet)
  13 cane toads
  A minotaur zombie (Gauntlet)
  4 rime drakes
  11 komodo dragons
  A kobold demonologist (D:10)
  A tengu conjurer (D:11)
  A troll (D:10)
  4 hornets
  6 dream sheep (Lair:5)
  15 blink frogs
  4 slime creatures
  A shadow (D:10)
  3 basilisks
  13 wyverns
  23 yaks
  4 steam dragons
  A wraith (D:9)
  Menkaure (D:5)
  3 redbacks (Lair:5)
  2 swamp worms (Gauntlet)
  4 wargs (Orc:1)
  24 water moccasins
  2 acid dragons (Lair:5)
  Duvessa (D:4)
  5 sky beasts
  5 black bears
  An ice beast (D:8)
  18 orc warriors
  2 swamp drakes (Lair:5)
  8 ogres
  A wolf (Lair:2)
  2 phantoms
  3 centaurs
  A lemure (D:6)
  3 kobold brigands
  16 bullfrogs
  2 gnoll sergeants
  A necrophage (D:6)
  A wyvern zombie (Ossuary)
  6 scorpions
  9 wights
  Dowan (D:4)
  9 killer bees (D:10)
  2 electric eels
  A crimson imp (D:10)
  7 bullfrog zombies (Ossuary)
  4 jellies (Lair:4)
  3 centaur zombies (Ossuary)
  4 orc priests
  3 hounds
  3 gnoll boudas
  10 iguanas
  13 orc wizards
  4 killer bee zombies (Ossuary)
  14 mummies (Ossuary)
  Robin (D:4)
  22 gnolls
  7 adders
  2 river rats (Sewer)
  A shadow imp (D:5)
  A white imp (D:10)
  An ufetubus (D:7)
  4 worms
  62 orcs
  7 bats
  7 endoplasms
  3 giant cockroaches
  23 goblins
  15 hobgoblins
  7 jackals
  4 quokkas
  9 ball pythons
  3 frilled lizards
  15 kobolds
  8 rats
  3 toadstools (D:1)
550 creatures vanquished.

Vanquished Creatures (others)
  23 fungi
  73 plants
  A toadstool (D:1)
  4 withered plants (Ossuary)
101 creatures vanquished.

Grand Total: 651 creatures vanquished

Notes
Turn   | Place    | Note
-------+----------+-------------------------------------------
     0 | D:1      | croobank the Troll Fighter began the quest for the Orb.
     0 | D:1      | Reached XP level 1. HP: 22/22 MP: 0/0
   135 | D:1      | Reached XP level 2. HP: 28/29 MP: 1/1
   472 | D:1      | Reached XP level 3. HP: 36/36 MP: 2/2
  1591 | D:2      | Found Ekoh's Distillery.
  1613 | D:2      | Bought a potion of curing for 33 gold pieces
  1613 | D:2      | Bought a potion of berserk rage for 55 gold pieces
  1903 | D:3      | Reached skill level 3 in Unarmed Combat
  2271 | D:3      | Reached XP level 4. HP: 45/45 MP: 3/3
  2301 | D:3      | Found a glowing drain.
  2315 | Sewer    | Entered a sewer
  2352 | Sewer    | Noticed a kobold brigand
  2353 | Sewer    | Noticed a kobold brigand
  2370 | Sewer    | Killed a kobold brigand
  2371 | Sewer    | Reached XP level 5. HP: 53/53 MP: 4/4
  2380 | Sewer    | Reached skill level 4 in Unarmed Combat
  2418 | Sewer    | Found a white marble altar of Elyvilon.
  2852 | D:4      | Reached XP level 6. HP: 41/62 MP: 5/5
  3070 | D:4      | Found a radiant altar of Vehumet.
  3086 | D:4      | Found a stormy altar of Qazlal.
  3315 | D:4      | Noticed Duvessa
  3329 | D:4      | Killed Duvessa
  3330 | D:4      | Reached skill level 5 in Unarmed Combat
  3330 | D:4      | Reached XP level 7. HP: 71/71 MP: 6/6
  3330 | D:4      | Found a bloodstained altar of Trog.
  3342 | D:4      | Found a shimmering blue altar of Sif Muna.
  3342 | D:4      | Noticed Dowan
  3355 | D:4      | Killed Dowan
  3381 | D:4      | Got Sif Muna's Lessons on Interference
  3534 | D:4      | Noticed Robin
  3540 | D:4      | Killed Robin
  3788 | D:5      | Entered Level 5 of the Dungeon
  3867 | D:5      | Found a staircase to the Ecumenical Temple.
  3873 | Temple   | Entered the Ecumenical Temple
  3907 | Temple   | Became a worshipper of the Wu Jian Council
  4119 | D:5      | Reached skill level 5 in Fighting
  4140 | D:5      | Noticed Menkaure
  4149 | D:5      | Killed Menkaure
  4150 | D:5      | Reached skill level 6 in Unarmed Combat
  4157 | D:5      | Found a sand-covered staircase.
  4190 | Ossuary  | Entered an ossuary
  4214 | Ossuary  | Reached XP level 8. HP: 61/80 MP: 7/7
  4338 | Ossuary  | Reached * piety under Wu Jian
  4381 | Ossuary  | Reached skill level 5 in Shields
  4408 | Ossuary  | Reached skill level 7 in Unarmed Combat
  4822 | D:5      | Reached XP level 9. HP: 92/92 MP: 8/8
  5031 | D:5      | Reached skill level 8 in Unarmed Combat
  5118 | D:5      | Reached ** piety under Wu Jian
  5139 | D:5      | Identified a scroll of acquirement
  5139 | D:5      | Acquired 421 gold pieces
  5510 | D:6      | Noticed Pikel
  5539 | D:6      | Killed Pikel
  5604 | D:6      | Reached skill level 9 in Unarmed Combat
  6519 | D:7      | Reached XP level 10. HP: 85/104 MP: 9/9
  6529 | D:7      | Reached *** piety under Wu Jian
  6531 | D:7      | Found a flagged portal.
  6545 | Bailey   | Entered a bailey
  6661 | Bailey   | Noticed an orc knight
  6715 | Bailey   | Killed an orc knight
  7030 | Bailey   | Got Ykliv's Papyrus of Geometric Conflagration
  7324 | D:7      | Reached skill level 10 in Unarmed Combat
  7923 | D:8      | Identified the +0 chain mail "Aqiylal" {Str+3}
  8218 | D:8      | Noticed Joseph
  8230 | D:8      | Killed Joseph
  8358 | D:8      | Found an opulent altar of Gozag.
  8358 | D:8      | Found an ancient bone altar of Kikubaaqudgha.
  8367 | D:8      | Found a hide-covered altar of Uskayaw.
  8369 | D:8      | Found a hazy altar of Hepliaklqana.
  8371 | D:8      | Found a sacrificial altar of Ru.
  8592 | D:9      | Noticed a death yak
  8603 | D:9      | Killed a death yak
  8631 | D:9      | Found a staircase to the Lair.
  8769 | D:9      | Reached skill level 11 in Unarmed Combat
  8777 | D:9      | Reached XP level 11. HP: 99/115 MP: 10/10
  8805 | D:9      | Found a staircase to the Orcish Mines.
  9066 | D:9      | Noticed a two-headed ogre
  9080 | D:9      | Killed a two-headed ogre
  9482 | D:9      | Found a broken altar of Ashenzari.
  9482 | D:9      | Found a basalt altar of Yredelemnul.
  9540 | D:10     | Entered Level 10 of the Dungeon
  9786 | D:10     | Reached **** piety under Wu Jian
 10360 | D:10     | Reached skill level 10 in Fighting
 10524 | D:11     | Noticed a two-headed ogre
 10532 | D:11     | Killed a two-headed ogre
 10555 | D:11     | Noticed a tengu warrior
 10759 | Lair:1   | Entered Level 1 of the Lair of Beasts
 10808 | Lair:1   | Reached skill level 12 in Unarmed Combat
 10824 | Lair:1   | Noticed a catoblepas
 10841 | Lair:1   | Killed a catoblepas
 11937 | Lair:2   | Found a staircase to the Swamp.
 12087 | Lair:2   | Reached XP level 12. HP: 128/128 MP: 11/11
 12173 | Lair:2   | Noticed a death yak
 12174 | Lair:2   | Noticed a death yak
 12174 | Lair:2   | Noticed a death yak
 12198 | Lair:2   | Killed a death yak
 12210 | Lair:2   | Killed a death yak
 12214 | Lair:2   | Killed a death yak
 12441 | Lair:2   | Reached skill level 13 in Unarmed Combat
 13198 | Lair:3   | Noticed javelincjr's ghost (journeyman DECj)
 13200 | Lair:3   | Found a transporter.
 13208 | Lair:3   | Found a transporter.
 13453 | Lair:3   | Found a staircase to the Snake Pit.
 13850 | Lair:3   | Noticed an eight-headed hydra
 13861 | Lair:3   | Killed a 12-headed hydra
 14154 | Lair:4   | Found a gate leading to a gauntlet.
 14168 | Gauntlet | Entered a Gauntlet
 14168 | Gauntlet | Found a transporter.
 14168 | Gauntlet | Found a transporter.
 14168 | Gauntlet | Found a runed translucent gate.
 14168 | Gauntlet | Found a runed translucent gate.
 14168 | Gauntlet | Found a runed translucent gate.
 14177 | Gauntlet | Found a transporter.
 14181 | Gauntlet | Found a transporter.
 14189 | Gauntlet | Found a transporter.
 14193 | Gauntlet | Found a transporter.
 14197 | Gauntlet | Found the +5 lochaber axe {reach-cleave, poleaxe}
 14204 | Gauntlet | Found a transporter.
 14217 | Gauntlet | Found a transporter.
 14217 | Gauntlet | Noticed a dire elephant
 14231 | Gauntlet | Found a transporter.
 14251 | Gauntlet | Found a transporter.
 14262 | Gauntlet | Found a transporter.
 14263 | Gauntlet | Found a transporter.
 14372 | Gauntlet | Noticed an azure jelly
 14374 | Gauntlet | Noticed a fire giant
 14374 | Gauntlet | an azure jelly changed into a fire giant
 14375 | Gauntlet | Noticed an alligator snapping turtle
 14375 | Gauntlet | a fire giant changed into an alligator snapping turtle
 14379 | Gauntlet | Noticed a stone giant
 14379 | Gauntlet | an alligator snapping turtle changed into a stone giant
 14385 | Gauntlet | Noticed an eleionoma
 14385 | Gauntlet | a stone giant changed into an eleionoma
 14390 | Gauntlet | Noticed a shadow dragon
 14390 | Gauntlet | an eleionoma changed into a shadow dragon
 14391 | Gauntlet | Noticed a sphinx
 14391 | Gauntlet | a shadow dragon changed into a sphinx
 14392 | Gauntlet | Noticed a stone giant
 14392 | Gauntlet | a sphinx changed into a stone giant
 14393 | Gauntlet | Noticed an azure jelly
 14393 | Gauntlet | a stone giant changed into an azure jelly
 14400 | Gauntlet | Noticed a dire elephant
 14400 | Gauntlet | an azure jelly changed into a dire elephant
 14405 | Gauntlet | Noticed an alligator snapping turtle
 14405 | Gauntlet | a dire elephant changed into an alligator snapping turtle
 14410 | Gauntlet | Noticed a golden dragon
 14410 | Gauntlet | an alligator snapping turtle changed into a golden dragon
 14411 | Gauntlet | Noticed a caustic shrike
 14411 | Gauntlet | a golden dragon changed into a caustic shrike
 14415 | Gauntlet | Noticed an iron dragon
 14415 | Gauntlet | a caustic shrike changed into an iron dragon
 14416 | Gauntlet | Noticed a fire giant
 14416 | Gauntlet | an iron dragon changed into a fire giant
 14423 | Gauntlet | Noticed an eleionoma
 14423 | Gauntlet | a fire giant changed into an eleionoma
 14425 | Gauntlet | Noticed a shadow dragon
 14425 | Gauntlet | an eleionoma changed into a shadow dragon
 14429 | Gauntlet | Noticed a golden dragon
 14429 | Gauntlet | a shadow dragon changed into a golden dragon
 14451 | Gauntlet | Noticed a minotaur
 14459 | Gauntlet | Killed a minotaur
 14460 | Gauntlet | Reached skill level 14 in Unarmed Combat
 14464 | Gauntlet | Got the Papyrus of Chilling Glamour
 14464 | Gauntlet | Got the Discursus on Battling and Cold
 14618 | Lair:4   | Noticed a seven-headed hydra
 14639 | Lair:4   | Killed a two-headed hydra
 14648 | Lair:4   | You fall into a shaft and drop 1 floor!
 14648 | Lair:5   | Entered Level 5 of the Lair of Beasts
 14716 | Lair:4   | Reached XP level 13. HP: 140/140 MP: 12/12
 15116 | Lair:4   | Reached ***** piety under Wu Jian
 15768 | Lair:4   | Noticed a quicksilver ooze
 15773 | Lair:4   | Killed a quicksilver ooze
 15774 | Lair:4   | Reached skill level 10 in Shields
 15892 | Lair:4   | Found a viscous altar of Jiyva.
 16434 | Lair:5   | Reached skill level 15 in Unarmed Combat
 17091 | Lair:5   | Reached XP level 14. HP: 120/153 MP: 13/13
 17393 | Lair:5   | Reached skill level 16 in Unarmed Combat
 17651 | Lair:4   | Found a staircase to the Slime Pits.
 17794 | Orc:1    | Entered Level 1 of the Orcish Mines
 17880 | Orc:1    | Paralysed by an orc sorcerer for 3 turns
 17976 | Orc:1    | Noticed an orc warlord
 18010 | Orc:1    | Killed an orc warlord
 18193 | Orc:1    | Noticed Snorg
 18217 | Orc:1    | HP: 3/153 [Snorg (18)]
 18217 | Orc:1    | Mangled by Snorg

Illustrated notes

Levels and vault maps discovered:
D:1:      ldierk_water_garden, layout_loops_cross
D:2:      layout_basic, serial_shops, nicolae_diamond_shop
D:3:      layout_loops_ring, cheibrodos_sewer_entry_bend
D:4:      layout_loops_ring, nzn_overflow_gifts_of_might_and_magic,
          mainiacjoe_overflow_swirl, uniq_robin
D:5:      layout_loops_ring, minmay_temple_entry_fiery,
          nicolae_ossuary_entry_false_entrances, kennysheep_generic_room_10,
          uniq_menkaure
D:6:      layout_basic, uniq_pikel
D:7:      layout_rooms, enter_bailey_5, grunt_ministairs_10, uniq_duvessa
D:8:      layout_basic, chequers_temple_overflow_minitemple,
          serial_bayou_pond_c, eino_small_chamber_without_monster, sigmund_army,
          uniq_joseph
D:9:      layout_loops_corners, gammafunk_temple_overflow_elements,
          david_lair_generic, erik_orc_3
D:10:     layout_loops_cross, minmay_fire_ice_demons
D:11:     layout_basic, serial_shops, kennysheep_mini_moat, grunt_ministairs_13,
          minmay_the_grid_square_5x5_3x3_mashed
          [minmay_the_grid_square_5x5_two_walls_a, minmay_the_grid_square_5x5_z,
          minmay_the_grid_square_5x5_minivault,
          minmay_the_grid_square_5x5_seven,
          minmay_the_grid_square_5x5_megaprize_diamond,
          minmay_the_grid_square_5x5_tetrominoes,
          minmay_the_grid_square_5x5_gyroscope,
          minmay_the_grid_square_5x5_inner_z,
          minmay_the_grid_square_5x5_detours], uniq_fannar
Temple:   minmay_temple_curvy_loop
Lair:1:   layout_layer_cave
Lair:2:   layout_hall_layers, swamp_mist, serial_bayou_lagoon_a,
          beast_lair_carwin_5
Lair:3:   layout_loops_ring, dummy_snake_entry, gammafunk_ghost_arena
Lair:4:   layout_hall_layers, minmay_slime_entry_oklob_enclosed,
          gauntlet_entry_generic, nicolae_lair_time_for_slime,
          serial_bayou_shore_a, grunt_megastairs_5, serial_bayou_shore_b
Lair:5:   guppyfry_lair_end_dragon, layout_regular_city,
          hangedman_lair_tendril_chambers, nicolae_quartered_pool_medium
Orc:1:    layout_caves, mines3_lemuel, uniq_snorg

Skill      XL: |  1  2  3  4  5  6  7  8  9 10 11 12 13 14 |
---------------+-------------------------------------------+-----
Shields        | 3 4 5 6 7 8 9 10 11 | 11.1
Unarmed Combat | 3 4 5 6 7 9 11 12 14 15 16 | 16.3
Fighting       | 3 4 5 6 8 9 10 12 13 | 13.3
Dodging        | |  2.6

Action                   |  1- 3 |  4- 6 |  7- 9 | 10-12 | 13-15 || total
-------------------------+-------+-------+-------+-------+-------++-------
Melee: Unarmed           |   155 |   103 |   407 |   686 |   495 ||  1846
       War axe           |       |       |       |    11 |     5 ||    16
Throw: Throwing net      |       |     2 |       |     3 |       ||     5
       Dart              |       |       |       |     4 |     1 ||     5
Invok: Lunge             |       |       |    19 |    49 |    22 ||    90
       Whirlwind         |       |       |     2 |    16 |     2 ||    20
       Serpent's Lash    |       |       |       |    13 |     4 ||    17
       Heavenly Storm    |       |       |       |       |     2 ||     2
 Abil: Wall Jump         |       |       |     3 |    36 |     9 ||    48
Evoke: Wand              |       |       |     1 |    14 |    10 ||    25
       Condenser vane    |       |       |       |     1 |     1 ||     2
  Use: Scroll            |     8 |     1 |    12 |    10 |     4 ||    35
       Potion            |       |     1 |     1 |     7 |    10 ||    19
 Stab: Sleeping          |     1 |       |       |     3 |       ||     4
       Held in net/web   |       |     1 |       |     3 |       ||     4
       Invisible         |       |       |       |     9 |       ||     9
       Petrified         |       |       |       |     1 |       ||     1
       Confused          |       |       |       |       |     3 ||     3
Armor: Robe              |    70 |    26 |   105 |    61 |       ||   262
       Troll leather arm |       |       |       |   152 |   151 ||   303
Dodge: Dodged            |    51 |    22 |   107 |   227 |   195 ||   602
Block: Kite shield       |    60 |    37 |   144 |   294 |   232 ||   767
